 Dungeon Crawl Stone Soup version 0.26.0-45-g9c1d065592 (webtiles) character file.

Game seed: 10883633412280256674

172 canine the Ducker (level 5, 0/47 HPs)
             Began as a Gnoll Monk on Jan 28, 2021.
             Slain by a sky beast (5 damage)
             ... on level 3 of the Dungeon.
             The game lasted 00:01:42 (2039 turns).

canine the Ducker (Gnoll Monk)                      Turns: 2039, Time: 00:01:43

Health: 0/47       AC:  2    Str: 14    XL:     5   Next: 52%
Magic:  7/7        EV: 17    Int: 19    God:
Gold:   111        SH:  0    Dex: 17    Spells: 7/7 levels left

rFire    . . .     SeeInvis .   a - +0 mace
rCold    . . .     Faith    .   (no shield)
rNeg     . . .     Spirit   .   b - +0 robe
rPois    .         Reflect  .   (no helmet)
rElec    .         Harm     .   (no cloak)
rCorr    +         Rampage  .   (no gloves)
Will     .....                  (no boots)
Stlth    +++.......             k - amulet of regeneration
HPRegen  0.55/turn              d - ring of resist corrosion
MPRegen  0.10/turn              l - +6 ring of intelligence

@: lethally poisoned (0 -> -1)
A: distributed training, fangs 1, strong nose
a: no special abilities


You were on level 3 of the Dungeon.
You visited 1 branch of the dungeon, and saw 3 of its levels.

You collected 111 gold pieces.

Inventory:

Hand Weapons
 a - a +0 mace (weapon)
Missiles
 e - 23 poisoned darts (quivered)
Armour
 b - a +0 robe (worn)
Jewellery
 d - a ring of resist corrosion (left hand)
 k - an amulet of regeneration (around neck)
 l - a +6 ring of intelligence (right hand)
Scrolls
 f - a scroll of enchant armour {unknown}
 i - 4 scrolls of teleportation
 j - a scroll of blinking {unknown}
 m - a scroll of enchant weapon {unknown}
 n - 3 scrolls of remove curse {unknown}
Potions
 c - 7 potions of curing
 g - a potion of might {unknown}
 h - a potion of heal wounds {unknown}
 o - a potion of lignification {unknown}


   Skills:
 + Level 6.7 Fighting
 + Level 1.5 Short Blades
 + Level 1.5 Long Blades
 + Level 1.5 Axes
 + Level 6.7 Maces & Flails
 + Level 1.5 Polearms
 + Level 1.5 Staves
 + Level 1.5 Slings
 + Level 1.5 Bows
 + Level 1.5 Crossbows
 + Level 1.5 Throwing
 + Level 1.5 Armour
 + Level 6.7 Dodging
 + Level 4.4 Stealth
 + Level 1.5 Shields
 + Level 1.5 Unarmed Combat
 + Level 1.5 Spellcasting
 + Level 1.2 Conjurations
 + Level 1.2 Hexes
 + Level 1.2 Summonings
 + Level 1.2 Necromancy
 + Level 1.2 Translocations
 + Level 1.2 Transmutations
 + Level 1.2 Fire Magic
 + Level 1.2 Ice Magic
 + Level 1.2 Air Magic
 + Level 1.2 Earth Magic
 + Level 1.2 Poison Magic
 + Level 1.7 Invocations
 + Level 1.5 Evocations


You had 7 spell levels left.
You didn't know any spells.
Your spell library was empty.

Dungeon Overview and Level Annotations

Branches:
Dungeon (3/15)

Altars:
Makhleb
Uskayaw
Xom

Annotations:
D:3 1 transporter


Innate Abilities, Weirdness & Mutations

Your experience applies equally to all skills.
You have very sharp teeth.
Your uncanny sense of smell can sniff out nearby items.


Message History

The adder completely misses you.
The sky beast flickers out of sight!
Deactivating autopickup; reactivate with Ctrl-A.
You thump the adder!
The adder is almost dead.
You feel sick. The adder closely misses you. x2
You sock the adder!
You kill the adder!
The adder misses you.
You hit the adder.
You kill the adder!
You feel sick.
You barely miss something. Something hits you.
* * * LOW HITPOINT WARNING * * *
Something shocks you.
* * * LOW HITPOINT WARNING * * *
Something barely misses you.
You hit something. Something hits you.
* * * LOW HITPOINT WARNING * * *
Something shocks you.
You die...

♣♣.....######
♣.......##..
...≈≈≈...#.#
..≈≈≈≈≈..#.#
≈≈♣≈w.w..#
..≈≈≈≈≈...w#
...≈≈≈...#w#
♣.......##†#
♣♣.....###@#
♣♣#### #.# #.#
#.# #### #.# ...#
#†# ##.# ##.#
#.############..#
#.#............##


You could see 2 worms.

Vanquished Creatures
  A hound (D:2)
  A worker ant (D:3)
  5 adders
  2 worms (D:2)
  4 dart slugs
  A leopard gecko (D:2)
  2 orcs (D:3)
  6 bats
  A giant cockroach (D:2)
  8 goblins
  6 hobgoblins
  3 jackals (D:1)
  8 kobolds
  A quokka (D:3)
  5 frilled lizards
  3 rats
57 creatures vanquished.

Vanquished Creatures (others)
  6 plants (D:3)
6 creatures vanquished.

Grand Total: 63 creatures vanquished

Notes
Turn   | Place    | Note
-------+----------+-------------------------------------------
     0 | D:1      | canine the Gnoll Monk began the quest for the Orb.
     0 | D:1      | Reached XP level 1. HP: 23/23 MP: 1/1
    68 | D:1      | Reached XP level 2. HP: 27/29 MP: 1/2
   964 | D:2      | Reached XP level 3. HP: 35/35 MP: 3/3
  1005 | D:2      | Reached skill level 1 in Invocations
  1092 | D:2      | Found a burning altar of Makhleb.
  1112 | D:2      | Reached skill level 1 in Short Blades
  1112 | D:2      | Reached skill level 1 in Long Blades
  1112 | D:2      | Reached skill level 1 in Axes
  1112 | D:2      | Reached skill level 1 in Polearms
  1112 | D:2      | Reached skill level 1 in Staves
  1112 | D:2      | Reached skill level 1 in Slings
  1112 | D:2      | Reached skill level 1 in Bows
  1112 | D:2      | Reached skill level 1 in Crossbows
  1112 | D:2      | Reached skill level 1 in Throwing
  1112 | D:2      | Reached skill level 1 in Armour
  1112 | D:2      | Reached skill level 1 in Shields
  1112 | D:2      | Reached skill level 1 in Unarmed Combat
  1112 | D:2      | Reached skill level 1 in Spellcasting
  1112 | D:2      | Reached skill level 1 in Evocations
  1112 | D:2      | Reached XP level 4. HP: 16/41 MP: 5/5
  1331 | D:2      | Reached skill level 1 in Conjurations
  1331 | D:2      | Reached skill level 1 in Hexes
  1331 | D:2      | Reached skill level 1 in Summonings
  1331 | D:2      | Reached skill level 1 in Necromancy
  1331 | D:2      | Reached skill level 1 in Translocations
  1331 | D:2      | Reached skill level 1 in Transmutations
  1331 | D:2      | Reached skill level 1 in Fire Magic
  1331 | D:2      | Reached skill level 1 in Ice Magic
  1331 | D:2      | Reached skill level 1 in Air Magic
  1331 | D:2      | Reached skill level 1 in Earth Magic
  1331 | D:2      | Reached skill level 1 in Poison Magic
  1695 | D:3      | Found a shimmering altar of Xom.
  1722 | D:3      | Reached XP level 5. HP: 41/47 MP: 6/6
  1735 | D:3      | Found a hide-covered altar of Uskayaw.
  1852 | D:3      | Found a transporter.
  1861 | D:3      | Identified the +7 spear of Feurunapt {venom, rF+}
  2014 | D:3      | Noticed a sky beast
  2039 | D:3      | Slain by a sky beast

Illustrated notes

Levels and vault maps discovered:
D:1:      dpeg_arrival_radiant, layout_basic, minmay_pentomino_w2
D:2:      layout_basic, makhleb_heckhound_becter, minmay_misc_feat_encased,
          item_on_display_a
D:3:      layout_loops_ring, elyvilon_altar_3, lemuel_round_altar,
          eat_drink_and_be_merry_uskayaw, gammafunk_ghost_gnarly_gnolls

Skill      XL: |  1  2  3  4 |
---------------+-------------+-----
Invocations    | 1 |  1.7
Short Blades   | 1 |  1.5
Long Blades    | 1 |  1.5
Axes           | 1 |  1.5
Polearms       | 1 |  1.5
Staves         | 1 |  1.5
Slings         | 1 |  1.5
Bows           | 1 |  1.5
Crossbows      | 1 |  1.5
Throwing       | 1 |  1.5
Armour         | 1 |  1.5
Shields        | 1 |  1.5
Unarmed Combat | 1 |  1.5
Spellcasting   | 1 |  1.5
Evocations     | 1 |  1.5
Conjurations   | 1 |  1.2
Hexes          | 1 |  1.2
Summonings     | 1 |  1.2
Necromancy     | 1 |  1.2
Translocations | 1 |  1.2
Transmutations | 1 |  1.2
Fire Magic     | 1 |  1.2
Ice Magic      | 1 |  1.2
Air Magic      | 1 |  1.2
Earth Magic    | 1 |  1.2
Poison Magic   | 1 |  1.2
Fighting       | |  6.7
Maces & Flails | |  6.7
Dodging        | |  6.7
Stealth        | |  4.4

Action                   |  1- 3 |  4- 6 || total
-------------------------+-------+-------++-------
Melee: Mace              |    74 |   115 ||   189
       Bite              |     7 |     9 ||    16
       Punch             |       |     3 ||     3
  Use: Scroll            |       |     4 ||     4
 Stab: Sleeping          |     6 |     5 ||    11
Armor: Robe              |     5 |     7 ||    12
Dodge: Dodged            |    54 |   122 ||   176
